Map: Romanticide LE

Players

HeroMarine - Winner!

  • Race: Terran Terran

Lambo

  • Race: Zerg Zerg

Event: DreamHack SC2 Masters 2021 Winter

VOD

Have the link to the VOD?

Description

Time

  • Played on: Oct. 8, 2021, 11:35 a.m.
  • Length: 12:54

All games in this series

Show
View Real Time Build Order
Export as new Build Order

HeroMarine Terran - Winner!

Build Orders: Command Center First (CC), Liberator Opening 

Get SALT Encoding   

  12  0:00  SCV  
  13  0:12  SCV  
  14  0:16  Supply Depot  
  14  0:24  SCV  
  15  0:38  SCV  
  16  0:50  SCV  
  17  0:58  Command Center  
  17  1:02  SCV  
  18  1:12  Barracks  
  18  1:15  SCV  
  19  1:22  Refinery  
  19  1:27  SCV  
  19  1:30  Refinery  
  20  1:39  SCV  
  21  1:58  Marine  
  21  1:59  Orbital Command  
  22  2:09  Factory  
  22  2:12  Orbital Command  
  22  2:18  Barracks Reactor  
  22  2:24  SCV  
  23  2:36  SCV  
  24  2:38  SCV  
  25  2:48  SCV  
  25  2:50  SCV  
  27  2:52  Supply Depot  
  27  2:53  Starport  
  27  2:58  Hellion  
  29  2:59  Hellion  
  29  3:01  SCV, Marine  
  29  3:02  SCV  
  34  3:13  SCV  
  34  3:14  SCV  
  34  3:19  Hellion  
  38  3:20  Hellion  
  38  3:21  Barracks Tech Lab  
  38  3:25  SCV  
  38  3:26  SCV  
  42  3:28  Supply Depot  
  42  3:29  Viking  
  44  3:37  SCV  
  44  3:38  SCV  
  44  3:41  Stimpack  
  46  3:50  Hellion x2  
  46  3:53  Supply Depot  
  52  3:59  Liberator  
  52  4:00  SCV  
  54  4:09  Command Center  
  54  4:15  SCV x2  
  60  4:24  Barracks  
  56  4:25  Factory Reactor, Barracks  
  56  4:27  SCV x2  
  56  4:29  Supply Depot, Marine  
  59  4:39  SCV x2  
  59  4:41  Engineering Bay x2  
  61  4:45  Starport Reactor  
  61  4:47  Marine  
  61  4:51  SCV x2  
  64  4:55  Refinery  
  64  4:56  Refinery  
  64  4:57  Supply Depot  
  64  5:03  SCV x2  
  66  5:09  Terran Infantry Weapons Level 1, Terran Infantry Armor Level 1  
  66  5:15  SCV x2  
  66  5:17  Factory Reactor, Marine x2  
  66  5:18  Marine x3  
  73  5:27  SCV x2, Orbital Command  
  75  5:35  Marine x2  
  76  5:36  Medivac x2, Marine x3  
  76  5:40  SCV x2  
  86  5:50  Orbital Command  
  86  5:52  SCV x2  
  86  5:53  Marine  
  86  5:55  Supply Depot  
  93  6:03  Combat Shield  
  93  6:05  SCV  
  93  6:06  Widow Mine, SCV  
  93  6:09  Supply Depot  
  93  6:10  Supply Depot  
  93  6:16  Marine x5  
  93  6:17  Widow Mine  
  93  6:18  SCV  
  101  6:26  Barracks x2  
  101  6:28  Widow Mine, SCV x2  
  102  6:34  Marine x3  
  102  6:36  SCV  
  102  6:37  Supply Depot  
  102  6:38  Supply Depot, Widow Mine  
  108  6:40  SCV x2  
  108  6:44  Marine  
  108  6:45  Medivac, Marine  
  114  6:47  Medivac  
  114  6:49  SCV  
  114  6:52  SCV x2, Marine  
  114  6:53  Marine x2  
  122  6:58  Widow Mine  
  122  7:01  Armory  
  124  7:02  Marine x2  
  124  7:03  Widow Mine  
  124  7:05  Factory  
  128  7:09  Marine  
  128  7:11  Marine  
  130  7:15  Medivac  
  130  7:17  Medivac  
  130  7:20  Barracks Reactor x2  
  130  7:21  Marine x2  
  130  7:22  Refinery  
  136  7:25  Supply Depot  
  136  7:26  Marine  
  136  7:27  Supply Depot  
  137  7:31  Marine x2  
  137  7:33  Widow Mine  
  141  7:39  Supply Depot  
  141  7:46  Marine  
  141  7:47  Terran Infantry Weapons Level 2, Widow Mine, Terran Infantry Armor Level 2  
  146  7:52  Factory Tech Lab  
  146  7:55  Command Center, Marine  
  145  8:00  Marine  
  145  8:02  Marine x2  
  145  8:03  Marine x2  
  125  8:07  Widow Mine  
  125  8:08  Widow Mine, Medivac  
  125  8:11  Medivac  
  125  8:12  Marine x2  
  133  8:14  Marine  
  133  8:20  Terran Vehicle And Ship Armor Level 1  
  133  8:21  Marine x2  
  133  8:23  Siege Tank  
  133  8:24  Drilling Claws  
  134  8:28  Marine x3  
  134  8:30  Marine  
  138  8:34  Marine x2  
  138  8:35  Marine  
  138  8:39  Marine  
  146  8:41  Medivac  
  146  8:43  Medivac, Marine  
  146  8:47  SCV x2  
  153  8:54  Marine x2  
  144  8:56  Marine x2  
  144  8:57  Marine x2  
  144  8:58  Siege Tank  
  144  9:01  Marine x2  
  142  9:12  Marine x2  
  142  9:13  Marine x2  
  142  9:14  Siege Tank, Marine x2  
  142  9:15  Medivac x2  
  155  9:18  Marine x2  
  155  9:19  Refinery, Marine x2  
  159  9:30  Marine  
  159  9:31  Siege Tank  
  158  9:35  Marine x2  
  158  9:36  Marine  
  158  9:37  Marine x3  
  152  9:41  SCV x3  
  152  9:44  Barracks x2  
  155  9:45  Barracks  
  155  9:46  Siege Tank, Marine x3  
  155  9:48  Marine  
  155  9:51  Medivac  
  162  9:53  Medivac, Marine x2  
  162  9:54  Marine x3  
  169  10:01  Marine  
  169  10:03  Siege Tank, Marine  
  169  10:05  Marine x2  
  169  10:06  Marine  
  172  10:11  Marine x2  
  172  10:14  Marine x2  
  171  10:15  Planetary Fortress  
  171  10:17  SCV x3  
  171  10:19  Siege Tank, Marine x2  
  180  10:30  SCV, Marine x3  
  172  10:40  Marine x3  
  174  10:43  Liberator x2  
  180  11:04  Marine x2  
  180  11:08  Supply Depot  
  180  11:10  Supply Depot  
  180  11:11  Supply Depot  
  180  11:15  Marine  
  180  11:16  Marine  
  180  11:18  Marine x2  
  180  11:20  Marine x3  
  180  11:21  Siege Tank, Marine x6  
  169  11:25  Liberator  
  169  11:26  Liberator  
  167  11:33  Marine x2  
  167  11:36  Marine x2  
  167  11:38  Marine x3  
  167  11:39  Siege Tank, Marine x6  
  166  11:49  Ghost Academy  
  166  11:51  Marine x2  
  166  11:53  Marine  
  166  11:54  Marine  
  169  11:56  Marine x5  
  169  11:57  Marine x4  
  169  11:59  Siege Tank  
  182  12:08  Medivac  
  182  12:09  Medivac, Marine x2  
  182  12:11  Siege Tank, Marine x2  
  182  12:14  Marine x3  
  196  12:19  Marine  
  196  12:22  Command Center  
  197  12:23  Barracks Tech Lab  
  197  12:25  Marine x2  
  199  12:35  Marine  
Show
View Real Time Build Order
Export as new Build Order

Lambo Zerg 

Build Orders: Hatch First, Lurkers 

Get SALT Encoding   

  12  0:00  Drone  
  13  0:12  Overlord  
  13  0:17  Drone  
  14  0:31  Drone x2  
  16  0:47  Hatchery  
  15  0:51  Drone  
  15  0:54  Drone  
  17  0:57  Drone  
  18  1:08  Extractor  
  17  1:13  Spawning Pool  
  17  1:16  Drone  
  17  1:20  Drone  
  18  1:28  Drone  
  19  1:39  Drone  
  20  1:50  Overlord  
  20  1:59  Queen  
  20  2:00  Zergling x4, Queen  
  26  2:10  Drone  
  26  2:11  Drone  
  26  2:12  Metabolic Boost  
  28  2:21  Drone  
  29  2:23  Drone  
  30  2:34  Hatchery  
  30  2:36  Drone  
  30  2:42  Drone x2  
  32  2:46  Overlord  
  32  2:53  Queen  
  32  2:56  Drone  
  35  3:00  Pneumatized Carapace  
  35  3:04  Drone  
  35  3:05  Drone  
  37  3:08  Drone  
  37  3:10  Drone  
  39  3:17  Overlord  
  39  3:18  Drone  
  39  3:19  Drone  
  40  3:21  Drone  
  40  3:26  Drone  
  42  3:35  Queen  
  42  3:37  Drone, Overlord  
  45  3:48  Drone x4  
  49  3:49  Queen  
  49  3:52  Queen  
  53  3:56  Overlord  
  53  4:01  Drone x2  
  53  4:02  Overlord  
  55  4:07  Overlord  
  55  4:08  Drone, Baneling Nest  
  55  4:11  Zergling x4  
  56  4:17  Drone x3  
  56  4:20  Overlord  
  58  4:24  Zergling x4  
  58  4:25  Drone  
  58  4:28  Drone  
  58  4:30  Drone x3  
  65  4:37  Queen  
  65  4:38  Drone x2  
  69  4:41  Extractor  
  69  4:45  Lair  
  68  4:53  Spore Crawler  
  68  4:54  Drone x2, Spore Crawler x2  
  68  4:55  Drone  
  68  5:01  Drone x2  
  68  5:02  Overlord  
  68  5:03  Zergling x4  
  68  5:04  Baneling x2  
  68  5:06  Drone x3  
  68  5:07  Drone x2  
  77  5:10  Drone x3  
  80  5:16  Drone x2  
  80  5:20  Extractor  
  81  5:22  Drone x3, Extractor  
  81  5:25  Drone  
  81  5:26  Drone  
  80  5:37  Drone x4  
  84  5:44  Drone x4  
  84  5:46  Hatchery  
  87  5:50  Drone x2  
  87  5:53  Drone  
  87  5:55  Drone x3  
  93  6:00  Drone x4  
  93  6:02  Extractor x2  
  93  6:03  Evolution Chamber  
  93  6:04  Evolution Chamber  
  93  6:06  Drone  
  93  6:13  Drone x2  
  93  6:14  Zergling x2  
  96  6:18  Drone  
  96  6:19  Centrifugal Hooks  
  97  6:31  Zerg Ground Armor Level 1, Zerg Melee Weapons Level 1  
  97  6:37  Overlord x2  
  97  6:39  Overlord  
  97  6:42  Zergling x4  
  97  6:43  Baneling x3  
  97  6:44  Baneling x2  
  97  6:46  Overlord  
  95  6:47  Baneling x3  
  95  6:48  Overlord  
  95  6:52  Overlord  
  95  6:56  Zergling x14  
  95  6:57  Hydralisk Den  
  95  6:58  Queen x3  
  95  6:59  Hatchery  
  106  7:02  Zergling x2  
  106  7:03  Zergling x2  
  107  7:09  Zergling x18  
  107  7:12  Hatchery  
  107  7:13  Zergling x2  
  115  7:17  Zergling x2  
  115  7:20  Drone  
  113  7:29  Baneling x2  
  113  7:30  Zergling x2  
  113  7:31  Zergling x4  
  113  7:32  Muscular Augments  
  113  7:33  Hydralisk x3  
  113  7:35  Overseer  
  122  7:38  Hydralisk x2  
  122  7:41  Hydralisk  
  127  7:45  Baneling x5  
  127  7:49  Zergling x2  
  128  7:51  Baneling x5  
  128  7:52  Overlord  
  128  7:54  Baneling x2  
  127  8:00  Hydralisk x4  
  127  8:03  Zergling x4  
  121  8:07  Hydralisk x5  
  121  8:10  Hydralisk x2  
  134  8:15  Infestation Pit  
  129  8:24  Zergling x14  
  135  8:33  Zerg Melee Weapons Level 2, Zerg Ground Armor Level 2  
  135  8:36  Overlord x2  
  135  8:38  Overlord  
  135  8:39  Overlord, Queen, Extractor x2  
  135  8:41  Overseer, Baneling x4  
  135  8:42  Overlord  
  135  8:48  Overlord  
  135  8:52  Overlord  
  135  8:54  Zergling x14  
  137  9:02  Drone x4  
  138  9:04  Drone x3  
  138  9:07  Hive  
  138  9:09  Zergling x2, Lurker Den  
  139  9:10  Zergling x4  
  139  9:13  Zergling x2  
  139  9:15  Baneling x6  
  140  9:17  Overlord  
  140  9:18  Drone x3  
  140  9:19  Baneling  
  140  9:28  Zergling x4  
  140  9:29  Zergling x8  
  143  9:33  Zergling x6  
  143  9:37  Zergling x8  
  143  9:38  Grooved Spines, Overseer  
  147  9:41  Drone, Queen  
  150  9:51  Zergling x8  
  152  9:53  Baneling x5  
  152  9:56  Hatchery  
  152  9:57  Hydralisk x2  
  152  9:58  Zergling x2  
  152  9:59  Baneling x2  
  156  10:00  Baneling  
  156  10:04  Zergling x6  
  152  10:08  Zergling x2  
  152  10:09  Zergling x2  
  152  10:10  Zergling x4  
  152  10:14  Zergling x8  
  154  10:16  Baneling x5  
  154  10:18  Zergling x6  
  157  10:22  Seismic Spines  
  157  10:25  Lurker, Viper  
  157  10:27  Viper  
  164  10:31  Zergling x4  
  164  10:35  Viper  
  153  10:38  Zergling x4  
  154  10:43  Zergling x2  
  154  10:44  Zergling x12  
  154  10:48  Zergling x2  
  162  10:51  Zerg Missile Weapons Level 1  
  162  10:52  Zergling x8  
  166  10:57  Zergling x8  
  166  10:59  Zergling x2  
  168  11:05  Lurker x4  
  168  11:06  Zergling x8  
  176  11:13  Zergling x14  
  176  11:15  Zergling x2  
  176  11:18  Zergling x6  
  171  11:19  Adaptive Talons  
  171  11:22  Zergling x2  
  137  11:25  Zergling x2  
  137  11:26  Zergling x8  
  137  11:30  Zergling x2  
  137  11:31  Hydralisk  
  134  11:33  Zergling x2  
  134  11:36  Zergling x2  
  121  11:41  Hydralisk x3  
  121  11:42  Hatchery  
  121  11:43  Hydralisk  
  125  11:52  Lurker x4  
  129  11:58  Lurker x2  
  129  11:59  Hydralisk, Zergling x2, Lurker x2  
  136  12:04  Zergling x6  
  137  12:11  Hydralisk x2  
  138  12:16  Hydralisk x2  
  138  12:20  Hydralisk  
  144  12:27  Zergling x10  
  144  12:28  Zergling x2, Baneling  

Tags
 
Add a new tag
Caveats
  • Supply blocks, unpowered buildings, or Contaminate may cause inaccurate times.
  • Supply counts are checked every 10 seconds.